 Dungeon Crawl Stone Soup version 0.19.4-12-gccf7e64 (webtiles) character file.

890 juanangel123 the Ruffian (level 7, -5/71 HPs)
             Began as a Troll Berserker on Feb 26, 2017.
             Was an Elder of Trog.
             Slain by a hill giant
             ... wielding a +0 giant spiked club
              (33 damage)
             ... on level 8 of the Dungeon.
             The game lasted 00:14:44 (3089 turns).

juanangel123 the Ruffian (Troll Berserker)          Turns: 3089, Time: 00:14:45

Health: -5/71      AC:  5    Str: 27    XL:     7   Next: 77%
Magic:  6/6        EV: 11    Int:  4    God:    Trog [****..]
Gold:   92         SH:  0    Dex:  9    Spells: 0 memorised, 6 levels left

rFire  . . .     SeeInvis .       - Unarmed
rCold  . . .     Gourm    +     a - +0 animal skin
rNeg   . . .     Faith    .     (no shield)
rPois  .         Spirit   .     (helmet restricted)
rElec  .         Reflect  .     (no cloak)
rCorr  +         Harm     .     (gloves unavailable)
MR     ++...                    (boots unavailable)
Stlth  ++........               (no amulet)
                                r - ring of resist corrosion
                                n - ring of stealth

@: lethally poisoned (-5 -> -5), regenerating, drained
A: unfitting armour, claws 3, fast metabolism 3, gourmand, regeneration 1,
shaggy fur 1, tough skin 2
a: Berserk, Trog's Hand, Brothers in Arms, Burn Spellbooks, Renounce Religion


You were on level 8 of the Dungeon.
You worshipped Trog.
Trog was greatly pleased with you.
You were not hungry.

You visited 1 branch of the dungeon, and saw 6 of its levels.
You also visited: Ossuary.

You collected 261 gold pieces.
You spent 169 gold pieces at shops.

Inventory:

Armour
 a - a +0 animal skin (worn)
Jewellery
 g - a +3 ring of protection {unknown}
 n - a ring of stealth (left claw)
 r - a ring of resist corrosion (right claw)
 x - an uncursed ring of wizardry {unknown}
Scrolls
 e - 2 scrolls of fear {unknown}
 i - 3 scrolls of remove curse {unknown}
 j - 2 scrolls of fog {unknown}
 k - 2 scrolls of immolation {unknown}
 p - 4 scrolls of enchant weapon
 s - a scroll of amnesia {unknown}
 t - 4 scrolls of noise {unknown}
 u - a scroll of teleportation {unknown}
 v - 2 scrolls of recharging {unknown}
 w - 3 scrolls of random uselessness {unknown}
Potions
 h - a potion of brilliance {unknown}
 l - 3 potions of flight {unknown}
 m - 3 potions of haste {unknown}
 o - 4 potions of curing
 A - 2 potions of mutation {unknown}
 B - a potion of lignification {unknown}
Comestibles
 b - 3 bread rations
 c - 7 fruits
 d - 4 beef jerkies
 f - a royal jelly
 q - 3 meat rations
 z - a slice of pizza


   Skills:
 + Level 4.9(4.6) Fighting
 + Level 4.9(4.5) Dodging
 + Level 5.8(5.4) Unarmed Combat


You had 6 spell levels left.
You didn't know any spells.

Dungeon Overview and Level Annotations

Branches:
Dungeon (5/15)
 Temple: D:4-7

Altars:
Okawaru

Shops:
D:4 %


Innate Abilities, Weirdness & Mutations

You are too large for most types of armour.
You have claws for hands.
Your metabolism is lightning-fast.
You like to eat raw meat.
Your natural rate of healing is unusually fast.
You are covered in fur. (AC +1)
You have very tough skin. (AC +2)


Message History

You feel sick. The water moccasin bites you. The jackal misses you.
The hill giant hits you with a giant spiked club!!
You barely miss the hill giant.
The hill giant is severely wounded.
You feel sick. The water moccasin barely misses you.
The jackal closely misses you.
You scratch the hill giant but do no damage.
The hill giant is severely wounded.
You feel sick. The water moccasin barely misses you.
The jackal closely misses you. The hill giant closely misses you.
The water moccasin bites you.
You barely miss the hill giant.
The hill giant is severely wounded.
The jackal bites you. The water moccasin barely misses you.
The jackal bites you.
You barely miss the hill giant.
The hill giant is severely wounded.
You feel sick.
The hill giant hits you with a giant spiked club!!
You die...

###.....##.#.# #
########.#.##.#.# #
#.#.##.#.# # #
#.#.##.#.#.# #
######.#.##.#.#.# .
.................#
#
#######.#.##.#...#
####.#.##h#...####
.......(...@C......
#####.#.#..#S#.....
#.#.#..#.# ###
#+#.#..#.# ..#..#.#
..#?.... ...#.....
...#.....


You could see a hill giant, a water moccasin and a jackal.

Vanquished Creatures
  A sky beast (D:5)
  The ghost of Eremar the Skirmisher, an amateur HuFi (D:3)
  5 wights (D:8)
  A centaur zombie (Ossuary)
  A hound (D:4)
  3 orc wizards
  An orc priest (D:4)
  An iguana (D:5)
  A worker ant (D:4)
  2 big kobold zombies (Ossuary)
  6 mummies (Ossuary)
  Robin (D:4)
  An adder (D:5)
  3 gnolls (D:5)
  2 worms
  A dart slug (D:1)
  6 leopard geckos
  9 orcs
  11 bats
  4 giant cockroaches
  A gnoll zombie (Ossuary)
  17 goblins
  7 hobgoblins
  7 jackals
  2 quokkas
  2 ball pythons
  3 frilled lizards
  A goblin zombie (Ossuary)
  2 hobgoblin zombies (Ossuary)
  A jackal skeleton (D:4)
  4 kobolds
  An orc zombie (Ossuary)
  13 rats
122 creatures vanquished.

Notes
Turn   | Place    | Note
-------+----------+-------------------------------------------
     0 | D:1      | juanangel123 the Troll Berserker began the quest for the Orb.
     0 | D:1      | Reached XP level 1. HP: 22/22 MP: 0/0
   300 | D:1      | Reached XP level 2. HP: 29/29 MP: 1/1
   664 | D:2      | Reached XP level 3. HP: 36/36 MP: 2/2
   709 | D:2      | Reached ** piety under Trog
  1094 | D:3      | Noticed Eremar's ghost (amateur HuFi)
  1105 | D:3      | Killed Eremar's ghost
  1105 | D:3      | Reached skill level 4 in Unarmed Combat
  1105 | D:3      | Reached XP level 4. HP: 45/45 MP: 3/3
  1168 | D:3      | Reached XP level 5. HP: 53/53 MP: 4/4
  1313 | D:3      | Reached *** piety under Trog
  1596 | D:3      | Found an iron altar of Okawaru.
  1739 | D:4      | Reached XP level 6. HP: 53/62 MP: 5/5
  1793 | D:4      | Noticed Robin
  1817 | D:4      | Killed Robin
  2065 | D:4      | Found Sesexaowk's Food Shop.
  2244 | D:4      | Found a sand-covered staircase.
  2248 | Ossuary  | Entered an ossuary
  2307 | Ossuary  | Reached skill level 5 in Unarmed Combat
  2482 | Ossuary  | Reached XP level 7. HP: 62/70 MP: 6/6
  2634 | D:4      | Bought 2 fruits for 33 gold pieces
  2634 | D:4      | Bought 4 fruits for 66 gold pieces
  2634 | D:4      | Bought a beef jerky for 16 gold pieces
  2634 | D:4      | Bought a beef jerky for 16 gold pieces
  2634 | D:4      | Bought a beef jerky for 16 gold pieces
  2634 | D:4      | Bought a royal jelly for 22 gold pieces
  2664 | D:5      | Entered Level 5 of the Dungeon
  2667 | D:5      | Reached **** piety under Trog
  2919 | D:5      | You fall through a shaft for 3 floors!
  3075 | D:8      | Noticed a hill giant
  3089 | D:8      | Slain by a hill giant

Skill      XL: |  1  2  3  4  5  6 |
---------------+-------------------+-----
Fighting       | 3 4 |  4.9
Dodging        | 3 4 |  4.9
Unarmed Combat | 4 5 |  5.8

Action                   |  1- 3 |  4- 6 |  7- 9 || total
-------------------------+-------+-------+-------++-------
Melee: Unarmed           |   109 |   150 |    65 ||   324
       Punch             |     4 |     6 |       ||    10
Invok: Berserk           |     1 |     1 |     2 ||     4
       Trog's Hand       |       |     1 |     1 ||     2
  Use: Scroll            |     2 |       |     4 ||     6
 Stab: Sleeping          |     4 |     3 |     1 ||     8
  Eat: Chunk             |    15 |    12 |     6 ||    33
Armor: Animal skin       |    38 |    45 |    10 ||    93
Dodge: Dodged            |    41 |   101 |    42 ||   184
